 Dungeon Crawl Stone Soup version 0.28-a0-834-g1a73be5ee4 (webtiles) character file.

Game seed: 2966783874616535508

53 ders the Digger (level 3, -8/19 HPs)
             Began as a Gargoyle Earth Elementalist on Nov 12, 2021.
             Killed from afar by Ijyb (11 damage)
             ... with an iceblast
             ... on level 1 of the Dungeon.
             The game lasted 00:03:22 (1937 turns).

ders the Digger (Gargoyle Earth Elementalist)       Turns: 1937, Time: 00:03:23

Health: -8/19      AC:  5    Str: 11    XL:     3   Next: 87%
Magic:  1/7        EV: 11    Int: 16    God:
Gold:   116        SH:  0    Dex: 10    Spells: 3/7 levels left

rFire   . . .      SeeInvis .   e - +0 dagger
rCold   . . .      Faith    .   (no shield)
rNeg    + . .      Spirit   .   b - +0 robe
rPois   ∞          Reflect  .   (helmet restricted)
rElec   +          Harm     .   (no cloak)
rCorr   .          Rampage  .   (no gloves)
Will    .....                   (no boots)
Stlth   ++........              (no amulet)
HPRegen 0.06/turn               (no ring)
MPRegen 0.10/turn               (no ring)

@: brilliant, weak-willed, flying
A: sickness immunity, AC +3, negative energy resistance 1, electricity
resistance, torment resistance 1, petrification resistance, horns 1, mutation
resistance 1
a: no special abilities


You were on level 1 of the Dungeon.
You visited 1 branch of the dungeon, and saw 2 of its levels.

You collected 116 gold pieces.

Inventory:

Hand Weapons
 e - a +0 dagger (weapon)
Armour
 b - a +0 robe (worn)
 j - a +0 pair of boots
Scrolls
 a - a scroll of fear {unknown}
 c - a scroll of immolation {unknown}
 d - a scroll of vulnerability
 f - a scroll of identify {unknown}
 g - a scroll of acquirement {unknown}
 i - a scroll of noise


   Skills:
 + Level 0.1 Fighting
 - Level 1.5 Dodging
 - Level 2.1 Stealth
 + Level 0.2 Unarmed Combat
 + Level 2.8 Spellcasting
 + Level 0.7 Transmutations
 + Level 4.8 Earth Magic


You had 3 spell levels left.
You knew the following spells:

 Your Spells              Type           Power      Damage    Failure   Level
a - Sandblast             Erth           52%        2d12      2%          1
b - Stone Arrow           Conj/Erth      30%        3d8       22%         3

Your spell library contained the following spells:

 Spells                   Type           Power      Damage    Failure   Level
 Passwall                 Tmut/Erth      13%        N/A       10%         2
 Petrify                  Tmut/Erth      16%        N/A       52%         4


Dungeon Overview and Level Annotations

Branches:
Dungeon (2/15)

Altars:

Annotations:
D:1 Ijyb


Innate Abilities, Weirdness & Mutations

You are immune to sickness and miasma.
Your stone body is resilient. (AC +3)
You are immune to poison.
You resist negative energy. (rN+)
You are resistant to electric shocks. (rElec)
You are resistant to unholy torment.
You are immune to petrification.
You have a pair of small horns on your head.
You are somewhat resistant to further mutation.


Message History

You closely miss Ijyb.
Ijyb is moderately wounded.
Ijyb hits you with a +0 dagger.
You closely miss Ijyb.
Ijyb is moderately wounded.
Ijyb hits you with a +0 dagger.
Casting: Stone Arrow (potentially lethal; 22% risk of failure)
Confirm with . or Enter, or press ? or * to list all spells.
Okay, then.
Ijyb hits you but does no damage.
Things that are here:
a +0 club; a goblin skeleton Ijyb zaps a wand.
The mass of ice explodes!
The iceblast engulfs you.
Casting: Stone Arrow (potentially lethal; 22% risk of failure)
Confirm with . or Enter, or press ? or * to list all spells.
The spell is potentially lethal to cast (22% risk of failure)!
Continue anyway?
Aiming: Stone Arrow (potentially lethal; 22% risk of failure)
Press: ? - help, Shift-Dir - straight line, f - Ijyb
Aim: Ijyb, wielding a +0 dagger, wearing a +4 scale mail and carrying a wand of iceblast (10) (moderately wounded, 64% to hit)
The stone arrow hits Ijyb.
Ijyb is heavily wounded.
As you read the scroll labelled FASAPA ERELL, it crumbles to dust.
Magic quickly surges around you.
It was a scroll of vulnerability.
Ijyb hits you but does no damage.
As you read the scroll labelled PYACETHRAISM, it crumbles to dust.
You hear a loud clanging noise!
It was a scroll of noise.
Ijyb hits you with a +0 dagger.
* * * LOW HITPOINT WARNING * * *
It was a potion of mutation.
You feel extremely strange.
You feel genetically stable. A pair of horns grows on your head!
Ijyb hits you but does no damage.
It was a potion of brilliance.
You feel clever all of a sudden. Ijyb hits you but does no damage.
It was a potion of flight.
You feel very buoyant.
You fly up into the air.
Ijyb hits you but does no damage.
Ijyb zaps a wand.
The mass of ice explodes!
The iceblast engulfs you!
Ouch! That really hurt!
You die...

#..#.###################.#
#............#.........#.#
#..#########.#.#.......#.#
#..#.......#.#.#########.#
#..#...###.#.#...........#
#..###.###.#.####..#######
#.......##.#.......#
#.##....##.#.......#
#.#.....##.#....@..#
........##.#.......#
#[#.....##.#......g########
#.#........#............).#
#.###...####......#######.#
.......)..........#...# #.#
#.....................###.#
........#.................#
........#............######


You could see Ijyb (weak-willed).

Vanquished Creatures
  An adder (D:2)
  2 worms (D:2)
  A dart slug (D:1)
  4 ball pythons
  A bat (D:2)
  2 endoplasms
  2 giant cockroaches (D:1)
  7 goblins
  5 hobgoblins
  A quokka (D:2)
  2 frilled lizards
  2 kobolds
  3 rats (D:1)
33 creatures vanquished.

Notes
Turn   | Place    | Note
-------+----------+-------------------------------------------
     0 | D:1      | ders the Gargoyle Earth Elementalist began the quest for
                  | the Orb.
     0 | D:1      | Reached XP level 1. HP: 10/10 MP: 3/3
    78 | D:1      | Found a faded altar of an unknown god.
   278 | D:1      | Reached skill level 4 in Earth Magic
   293 | D:1      | Reached XP level 2. HP: 15/15 MP: 0/5
  1089 | D:2      | Reached XP level 3. HP: 19/19 MP: 4/6
  1347 | D:2      | Learned a level 3 spell: Stone Arrow
  1511 | D:2      | Noticed Ijyb
  1931 | D:1      | Gained mutation: You are somewhat resistant to further
                  | mutation. [potion of mutation]
  1931 | D:1      | Gained mutation: You have a pair of small horns on your
                  | head. [potion of mutation]
  1937 | D:1      | Killed from afar by Ijyb

Illustrated notes

Levels and vault maps discovered:
D:1:      sevenhm_arrival_forest_fort_small_6, layout_basic,
          hellmonk_ecumenical_altar_heavens_door,
          hangedman_abyss_or_decor_stabs, minmay_tromino_v4_b
D:2:      kennysheep_the_goblin_king, layout_loops_ring, chequers_mini_garden

Skill      XL: |  1 |
---------------+----+-----
Earth Magic    | 4 |  4.8
Fighting       | |  0.1
Dodging        | |  1.5
Stealth        | |  2.1
Unarmed Combat | |  0.2
Spellcasting   | |  2.8
Transmutations | |  0.7

Action                   || total
-------------------------++-------
Melee: Unarmed           ||     1
       Dagger            ||    40
 Cast: Sandblast         ||    34
       Stone Arrow       ||     6
  Use: Potion            ||     3
       Scroll            ||     2
Armor: Robe              ||    21
Dodge: Dodged            ||    30

Table legend: (Time is in decaauts)
 A = Elapsed time spent in this place.
 B = Non-inter-level travel time spent in this place.
 C = Inter-level travel time spent in this place.
 D = Time resting spent in this place.
 E = Time spent auto-exploring this place.
 F = Levels seen in this place.
 G = Mean time per level.
                   A        B        C        D        E       F      G
               +--------+--------+--------+--------+--------+-----+--------+
         Total |   1937 |   1899 |     38 |    729 |    844 |   2 |  968.5 |
       Dungeon |   1937 |   1899 |     38 |    729 |    844 |   2 |  968.5 |
               +--------+--------+--------+--------+--------+-----+--------+

Top non-repeatable levels by time:
     D:1: 1335 daAuts
     D:2: 602 daAuts
